 Dungeon Crawl Stone Soup version 0.27.0-1-g7a089689b8 (webtiles) character file.

Game seed: 916863061292685413

3815 Spectrina the Pacifist (level 9, -7/49 HPs)
             Began as a Deep Elf Monk on Aug 7, 2021.
             Was an Elder of Elyvilon.
             Mangled by a dire elephant (32 damage)
             ... in a Gauntlet.
             The game lasted 01:14:04 (5557 turns).

Spectrina the Pacifist (Deep Elf Monk)              Turns: 5557, Time: 01:14:05

Health: -7/49      AC:  7    Str:  8    XL:     9   Next: 97%
Magic:  22/28      EV: 13    Int: 19    God:    Elyvilon [****..]
Gold:   562        SH:  6    Dex: 17    Spells: 3/18 levels left

rFire    . . .     SeeInvis .   a - +8 quick blade
rCold    . . .     Faith    .   P - +2 buckler {rPois}
rNeg     + . .     Spirit   .   j - +0 robe
rPois    +         Reflect  .   C - +0 helmet
rElec    .         Harm     .   y - +1 cloak
rCorr    .         Rampage  .   D - +0 pair of gloves
Will     .....     NoTele   +   t - +0 pair of boots
Stlth    ++........             (no amulet)
HPRegen  0.16/turn              k - ring of magical power
MPRegen  0.21/turn              p - ring of positive energy

@: no status effects
A: no striking features
a: Renounce Religion, Lesser Healing, Heal Other, Purification, Greater Healing,
Divine Protection


You were in a Gauntlet.
You worshipped Elyvilon.
Elyvilon was greatly pleased with you.
You visited 2 branches of the dungeon, and saw 12 of its levels.
You also visited: Gauntlet.

You collected 562 gold pieces.

Inventory:

Hand Weapons
 a - a +8 quick blade (weapon)
 b - the +9 dagger of Quantum Leap {flame, rF+ rCorr Str+2}
   (You found it on level 6 of the Dungeon)

   It burns those it strikes, dealing additional fire damage.
   Str:       It affects your strength (+2).
   rF:        It protects you from fire.
   rCorr:     It protects you from acid and corrosion.
 e - the +7 great mace "Firestarter" {inner flame, rF++}
   (You found it on level 7 of the Dungeon)

   It burns those it strikes, dealing additional fire damage.
   It fills those it strikes with an explosive inner flame.
   It grants immunity to clouds of flame.
   rF:        It greatly protects you from fire.
 m - a +0 hunting sling
 A - a +0 shortbow
 Q - the +4 dagger "Morg" {pain, Will+ Int+5}
   (You found it on level 10 of the Dungeon)

   In the hands of one skilled in necromantic magic, it inflicts extra damage on
   living creatures.
   Int:       It affects your intelligence (+5).
   Will:      It increases your willpower.
   Elyvilon disapproves of the use of such an item.
Missiles
 c - 194 stones
 h - 14 boomerangs
 i - 33 poisoned darts (quivered)
 w - 14 bolts
 z - 5 atropa-tipped darts
 E - 143 arrows
 G - a throwing net
 J - 2 curare-tipped darts
 K - 17 sling bullets
Armour
 g - a +0 buckler
 j - a +0 robe (worn)
 n - the +1 ring mail of the Great Game {Rampage rElec rCorr}
   (You found it on level 7 of the Dungeon)

   rElec:     It insulates you from electricity.
   rCorr:     It protects you from acid and corrosion.
   Rampage:   It bestows one free step when moving towards enemies.
 t - a +0 pair of boots (worn)
 v - a +0 cloak
 y - a +1 cloak (worn)
 C - a +0 helmet (worn)
 D - a +0 pair of gloves (worn)
 P - a +2 buckler of poison resistance (worn)
Jewellery
 k - a ring of magical power (left hand)
 o - a ring of protection from fire
 p - a ring of positive energy (right hand)
 H - a ring of protection from fire
Wands
 s - a wand of flame (3)
 F - a wand of digging (6)
 M - a wand of iceblast (6)
Scrolls
 d - a scroll of immolation
 B - a scroll of blinking {unknown}
 R - a scroll of amnesia
 S - a scroll of fog
Potions
 f - 2 potions of magic
 l - 3 potions of curing
 q - a potion of invisibility {unknown}
 r - 2 potions of heal wounds
 u - a potion of flight {unknown}
 x - 3 potions of brilliance {unknown}
 I - 2 potions of berserk rage {unknown}
 L - a potion of might
 N - a potion of haste {unknown}


   Skills:
 - Level 2.4 Fighting
 + Level 5.8 Short Blades
 - Level 3.6 Dodging
 - Level 2.4 Stealth
 + Level 5.4 Spellcasting
 * Level 2.1 Conjurations
 + Level 7.3 Translocations
 * Level 2.1 Earth Magic
 * Level 11.0 Invocations


You had 3 spell levels left.
You knew the following spells:

 Your Spells              Type           Power      Damage    Failure   Level
a - Stone Arrow           Conj/Erth      26%        3d8       26%         3
b - Blink                 Tloc           N/A        N/A       1%          2
g - Gell's Gravitas       Tloc           16%        N/A       3%          3
h - Teleport Other        Tloc           32%        N/A       3%          3
l - Lesser Beckoning      Tloc           16%        N/A       3%          3
x - Apportation           Tloc           64%        N/A       1%          1

Your spell library contained the following spells:

 Spells                   Type           Power      Damage    Failure   Level
 Static Discharge         Conj/Air       9%         N/A       19%         2
 Dazzling Flash           Conj/Hex       18%        N/A       36%         3
 Passage of Golubria      Tloc           N/A        N/A       10%         4
 Manifold Assault         Tloc           32%        N/A       26%         5
 Iskenderun's Mystic Bla  Conj/Tloc      23%        2d6       28%         4
 Animate Armour           Summ/Erth      18%        N/A       77%         4
 Sticky Flame             Conj/Fire      9%         2d3       77%         4
 Dispersal                Tloc           16%        N/A       83%         6
 Iskenderun's Battlesphe  Conj           13%        2d7       93%         5
 Bolt of Magma            Conj/Fire/Erth 5%         4d5       97%         5
 Fireball                 Conj/Fire      4%         3d4       98%         5
 Lightning Bolt           Conj/Air       4%         1d16      98%         5
 Iron Shot                Conj/Erth      6%         9d2       100%        6
 Starburst                Conj/Fire      4%         8x6d4     100%        6
 Orb of Destruction       Conj           6%         9d3       100%        7
 Lehudib's Crystal Spear  Conj/Erth      6%         10d3      100%        8
 Maxwell's Capacitive Co  Air            2%         ∞         100%        8


Dungeon Overview and Level Annotations

Branches:
Dungeon (11/15)            Temple (1/1) D:5            Lair (0/6) D:11
    Orc (0/2) D:9         Gauntlet (1/1)

Altars:
Ashenzari
Cheibriados
Dithmenos
Elyvilon
Fedhas
Gozag
Hepliaklqana
Kikubaaqudgha
Makhleb
Nemelex Xobeh
Okawaru
Ru
Sif Muna
Trog
Uskayaw
Wu Jian
Xom
Yredelemnul
The Shining One

Annotations:
D:11 Snorg Gauntlet 11 transporters


Message History

There is an open translucent door here.
You close the door.
You open the door.
There is an open translucent door, spattered with blood here.
You see here a scroll labelled QIPLOU USID.
B - a scroll labelled QIPLOU USID
There is an open translucent door, spattered with blood here.
You close the door.
You open the door.
There is an open translucent door here.
You see here a ring of protection from fire.
H - a ring of protection from fire
There is an open translucent door here.
You close the door.
You open the door.
There is an open translucent door, spattered with blood here.
The hell beast barks, "Despond, thou tasty curdle!"
You see here a +0 scale mail.
There is a transporter here.
You see here a +0 scale mail.
The dire elephant barely misses you. The dire elephant trunk-slaps you!
Casting: Blink (safe; 1% risk of failure)
Confirm with . or Enter, or press ? or * to list all spells.
You blink.
Casting: Blink (safe; 1% risk of failure)
Confirm with . or Enter, or press ? or * to list all spells.
You blink.
You open the door.
Casting: Blink (safe; 1% risk of failure)
Confirm with . or Enter, or press ? or * to list all spells.
Okay, then.
There is an open translucent door here.
Casting: Blink (safe; 1% risk of failure)
Confirm with . or Enter, or press ? or * to list all spells.
You blink.
Casting: Blink (safe; 1% risk of failure)
Confirm with . or Enter, or press ? or * to list all spells.
You blink.
The dire elephant tramples you!!
Ouch! That really hurt!
You die...

#≈...............########
##...#########...#$.=....
#≈...#Y......#...#s######
##...#.#'###.#######....#
#≈...#.#..≈#[#...##.####.
##.8©#.#.©≈#©#©8©#y##.©..
#≈...#.#..≈#.#...#.#.####
##...#.#'###.#####.##..s.
#§...#§Y@....#...#..#####
##...#########...#.......
#§...............########
##.8.....8.....8.........
#≈..§.................8..
##≈#≈#≈#≈#≈#≈#≈#......§..
################≈#≈#≈#§#
#########


You could see a dire elephant.

Vanquished Creatures
  A cyclops (D:11)
  4 water moccasins
  2 sky beasts
  A necrophage (D:4)
  A black bear (D:6)
  4 centaurs (D:9)
  A phantom (D:7)
  3 kobold brigands
  5 bullfrogs
  A scorpion (D:7)
  A killer bee (D:9)
  2 wights (D:7)
  2 howler monkeys
  3 centaur zombies (D:7)
  2 orc priests (D:6)
  A jelly (D:8)
  A hound (D:4)
  2 bullfrog skeletons (D:5)
  A gnoll shaman (D:7)
  2 iguanas
  3 orc wizards
  A killer bee zombie (D:8)
  A howler monkey zombie (D:7)
  4 adders
  3 gnolls (D:8)
  A shadow imp (D:6)
  2 white imps
  An ufetubus (D:7)
  2 worms (D:4)
  14 orcs
  2 ball pythons
  7 endoplasms
  A giant cockroach (D:3)
  4 goblins
  20 kobolds
  2 quokkas (D:4)
  2 bats
  A frilled lizard (D:3)
  3 rats
114 creatures vanquished.

Vanquished Creatures (others)
  A water moccasin (D:7)
  A black bear (D:7)
  An ice beast (D:7)
  A demonic plant (Gauntlet)
4 creatures vanquished.

Grand Total: 118 creatures vanquished

Notes
Turn   | Place    | Note
-------+----------+-------------------------------------------
     0 | D:1      | Spectrina the Deep Elf Monk began the quest for the Orb.
     0 | D:1      | Reached XP level 1. HP: 13/13 MP: 3/3
    37 | D:2      | Found a bloodstained altar of Trog.
    69 | D:2      | Reached skill level 1 in Spellcasting
   197 | D:3      | Reached XP level 2. HP: 10/18 MP: 7/7
   393 | D:5      | Entered Level 5 of the Dungeon
   496 | D:5      | You fall into a shaft and drop 2 floors!
   499 | D:7      | Noticed a water moccasin
   590 | D:6      | Noticed a six-headed hydra
   599 | D:7      | Noticed a wraith
   614 | D:6      | Identified the +9 dagger of Quantum Leap {flame, rF+ rCorr
                  | Str+2}
   641 | D:5      | Found a staircase to the Ecumenical Temple.
   647 | Temple   | Entered the Ecumenical Temple
   656 | Temple   | Became a worshipper of Elyvilon the Healer
   656 | Temple   | Reached * piety under Elyvilon
   656 | Temple   | Reached ** piety under Elyvilon
   727 | D:4      | Noticed an ogre
   746 | D:5      | Found an ancient bone altar of Kikubaaqudgha.
   788 | D:5      | Reached skill level 1 in Invocations
   788 | D:5      | Reached XP level 3. HP: 22/22 MP: 10/10
   839 | D:5      | Reached skill level 2 in Invocations
   843 | D:5      | Reached skill level 3 in Invocations
   843 | D:5      | Reached XP level 4. HP: 25/27 MP: 11/11
   858 | D:5      | Found a glowing golden altar of the Shining One.
   952 | D:5      | Learned a level 3 spell: Teleport Other
   956 | D:5      | Learned a level 3 spell: Gell's Gravitas
  1005 | D:5      | Reached skill level 4 in Invocations
  1005 | D:5      | Reached XP level 5. HP: 28/31 MP: 12/12
  1101 | D:6      | Noticed a black bear
  1121 | D:6      | Found a sacrificial altar of Ru.
  1140 | D:6      | Reached skill level 1 in Translocations
  1194 | D:7      | Noticed a water moccasin
  1194 | D:7      | Noticed a water moccasin
  1195 | D:7      | Noticed a sky beast
  1197 | D:7      | Noticed an ice beast
  1197 | D:7      | Noticed a black bear
  1198 | D:7      | Noticed a centaur
  1198 | D:7      | Noticed a water moccasin
  1199 | D:7      | Found the +7 great mace "Firestarter" {inner flame, rF++}
  1204 | D:7      | Noticed a hornet
  1284 | D:6      | Reached *** piety under Elyvilon
  1294 | D:6      | Reached skill level 5 in Invocations
  1294 | D:6      | Reached XP level 6. HP: 36/36 MP: 13/13
  1370 | D:6      | Noticed a sky beast
  1393 | D:6      | Killed a sky beast
  1457 | D:4      | Found a snail-covered altar of Cheibriados.
  1618 | D:4      | Reached skill level 6 in Invocations
  1647 | D:4      | Found an opulent altar of Gozag.
  1653 | D:4      | Found a shimmering blue altar of Sif Muna.
  1754 | D:4      | Reached XP level 7. HP: 40/40 MP: 14/14
  1946 | D:7      | Reached **** piety under Elyvilon
  2000 | D:7      | Reached skill level 7 in Invocations
  2355 | D:7      | Identified a scroll of acquirement
  2355 | D:7      | Acquired a +7 quick blade
  2444 | D:7      | Reached skill level 8 in Invocations
  2444 | D:7      | Reached XP level 8. HP: 13/45 MP: 16/16
  2607 | D:6      | Pacified a six-headed hydra
  2608 | D:6      | Reached skill level 5 in Translocations
  2637 | D:7      | Reached skill level 9 in Invocations
  2677 | D:7      | Pacified a hornet
  2740 | D:7      | Identified the +1 ring mail of the Great Game {Rampage
                  | rElec rCorr}
  2857 | D:5      | Found a burning altar of Makhleb.
  3407 | D:7      | Reached XP level 9. HP: 26/49 MP: 18/18
  3559 | D:8      | Reached skill level 10 in Invocations
  3644 | D:9      | Found a basalt altar of Yredelemnul.
  3822 | D:8      | Acquired Sif Muna's Compendium of Dislocation
  3826 | D:8      | Learned a level 1 spell: Apportation
  3829 | D:8      | Learned a level 2 spell: Blink
  3833 | D:8      | Learned a level 3 spell: Lesser Beckoning
  3846 | D:8      | Found a sparkling altar of Nemelex Xobeh.
  4038 | D:8      | Reached skill level 5 in Short Blades
  4252 | D:9      | Noticed a skeletal warrior
  4327 | D:10     | Entered Level 10 of the Dungeon
  4414 | D:9      | Found a staircase to the Orcish Mines.
  4414 | D:9      | Noticed a skeletal warrior
  4414 | D:9      | Noticed a skeletal warrior
  4805 | D:9      | Learned a level 3 spell: Stone Arrow
  4829 | D:9      | Reached skill level 5 in Spellcasting
  4912 | D:9      | Reached skill level 1 in Earth Magic
  4946 | D:9      | Acquired a +2 buckler of poison resistance
  4958 | D:9      | Acquired the Grimoire of Battle Magic
  5001 | D:10     | Found the +4 dagger "Morg" {pain, Will+ Int+5}
  5097 | D:10     | Found a shadowy altar of Dithmenos.
  5183 | D:10     | Found an iron altar of Okawaru.
  5231 | D:11     | Noticed a cyclops
  5250 | D:11     | Noticed Snorg
  5254 | D:11     | Killed a cyclops
  5255 | D:11     | Reached skill level 1 in Conjurations
  5255 | D:11     | Reached skill level 11 in Invocations
  5284 | D:11     | Found a gate leading to a gauntlet.
  5294 | Gauntlet | Entered a Gauntlet
  5294 | Gauntlet | Found a transporter.
  5295 | Gauntlet | Found a runed translucent door.
  5297 | Gauntlet | Found a transporter.
  5299 | Gauntlet | Found a transporter.
  5299 | Gauntlet | Noticed a dire elephant
  5299 | Gauntlet | Noticed an elephant
  5301 | Gauntlet | Found a runed translucent door.
  5303 | Gauntlet | Found a transporter.
  5307 | Gauntlet | Noticed a moth of wrath
  5310 | Gauntlet | Noticed a meliai
  5311 | Gauntlet | Found a transporter.
  5311 | Gauntlet | Found a transporter.
  5311 | Gauntlet | Noticed a meliai
  5311 | Gauntlet | Noticed a meliai
  5312 | Gauntlet | Found a transporter.
  5329 | Gauntlet | Noticed a sixfirhy
  5331 | Gauntlet | Found a transporter.
  5333 | Gauntlet | Noticed a sixfirhy
  5334 | Gauntlet | Found a transporter.
  5338 | Gauntlet | Found a transporter.
  5341 | Gauntlet | Noticed an apocalypse crab
  5344 | Gauntlet | Noticed a hell beast
  5347 | Gauntlet | Found a transporter.
  5414 | Gauntlet | Found a transporter.
  5474 | Gauntlet | Pacified an elephant
  5557 | Gauntlet | Mangled by a dire elephant

Illustrated notes

Levels and vault maps discovered:
D:1:      shiori_arrival_elements, layout_basic,
          dreamdust_ecumenical_altar_hidden_monk_grotto
D:2:      layout_loops_ring, basic_altar, eino_tiny_chamber
D:3:      layout_basic
D:4:      layout_basic, amcnicky_altar_gilded,
          mainiacjoe_overflow_six_doors_small, mainiacjoe_overflow_alcove_4
D:5:      layout_loops_ring, old_standard_altar, mainiacjoe_overflow_brackets,
          kennysheep_little_box, minmay_temple_entry_slanted
D:6:      layout_cave_pools, nicolae_ru_sacrificial_ziggurat
D:7:      layout_gridville, minmay_joined_circles
D:8:      layout_rooms, mainiacjoe_overflow_paths, minmay_between
D:9:      layout_roguey, mainiacjoe_overflow_tiny_flanked, kennysheep_mini_moat,
          orc_0_dummy
D:10:     layout_rooms, nicolae_dithmenos_through_a_glass_darkly,
          lemuel_doored_altar
D:11:     layout_gridville, david_lair_shrubbed, gauntlet_entry_generic,
          enter_bailey_4, onia_ninara_cookie, uniq_snorg
Temple:   eino_temple_lava
Gauntlet: minmay_gauntlet_mixed_oops_all_seconds
          [minmay_gauntlet_arena_77_shame_cube, gammafunk_gauntlet_arena_teeth,
          minmay_gauntlet_arena_77_two_paths, gammafunk_gauntlet_arena_spirals,
          minmay_gauntlet_arena_77_fan, gammafunk_gauntlet_arena_split_diamond,
          gauntlet_exit_watery]

Skill      XL: |  1  2  3  4  5  6  7  8  9 |
---------------+----------------------------+-----
Spellcasting   | 2 3 5 |  5.4
Invocations    | 1 3 4 5 6 8 9 11 | 11.0
Translocations | 2 3 4 6 7 |  7.3
Short Blades   | 4 5 |  5.8
Earth Magic    | 2 |  2.1
Conjurations   | 2 |  2.1
Fighting       | |  2.4
Dodging        | |  3.6
Stealth        | |  2.4

Action                   |  1- 3 |  4- 6 |  7- 9 || total
-------------------------+-------+-------+-------++-------
Melee: Short sword       |    41 |       |       ||    41
       Dagger            |     9 |    54 |    24 ||    87
       Quick blade       |       |       |   385 ||   385
 Fire: Hunting sling     |     1 |     3 |    10 ||    14
Throw: Dart              |       |       |     9 ||     9
 Cast: Teleport Other    |       |       |    40 ||    40
       Blink             |       |       |    10 ||    10
       Gell's Gravitas   |       |       |     4 ||     4
       Lesser Beckoning  |       |       |     1 ||     1
Invok: Heal Other        |       |       |    11 ||    11
       Lesser Healing    |       |       |     2 ||     2
       Greater Healing   |       |       |     2 ||     2
Evoke: Wand              |       |     1 |     6 ||     7
  Use: Potion            |       |     1 |     1 ||     2
       Scroll            |       |       |    18 ||    18
 Stab: Sleeping          |     3 |     4 |     5 ||    12
       Distracted        |       |       |     1 ||     1
Armor: Robe              |     4 |     2 |    93 ||    99
Dodge: Dodged            |    25 |    19 |   188 ||   232
Block: Buckler           |       |       |    53 ||    53
